 Dungeon Crawl Stone Soup version 0.31-a0-233-g139696dc86 (webtiles) character file.

Game seed: 17652301683026021669

49 Nattfarinn the Ruffian (level 3, -4/36 HPs)
             Began as a Troll Berserker on July 9, 2023.
             Was a Believer of Trog.
             Slain by Crazy Yiuf
             ... wielding a +4 quarterstaff of chaos
              (15 damage)
             ... on level 2 of the Dungeon.
             The game lasted 00:01:39 (1394 turns).

Nattfarinn the Ruffian (Troll Berserker)            Turns: 1394, Time: 00:01:40

Health: -4/36      AC:  4    Str: 27    XL:     3   Next: 53%
Magic:  2/2        EV: 10    Int:  3    God:    Trog [**....]
Gold:   92         SH:  0    Dex:  9    Spells: 2/2 levels left

rFire   . .          .
                       - Unarmed
rCold   . . .        (no shield)
rNeg    . . .        a - +0 animal skin
rPois   .            (helmet restricted)
rElec   .            (no cloak)
rCorr   .            (gloves unavailable)
SInv    .            (boots unavailable)
Will    .....        (no amulet)
Stlth   +            (no ring)
HPRegen 1.06/turn    (no ring)
MPRegen 0.08/turn

%: no passive effects
@: lethally poisoned (-4 -> -5)
A: large, unfitting armour, claws 3, regeneration 1, shaggy fur 1, tough skin 1
a: Renounce Religion, Berserk, Trog's Hand


You were on level 2 of the Dungeon.
You worshipped Trog.
Trog was pleased with you.
You visited 1 branch of the dungeon, and saw 2 of its levels.

You collected 92 gold pieces.

Inventory:

Missiles
 f - 6 silver javelins (quivered)
Armour
 a - a +0 animal skin (worn)
Scrolls
 d - a scroll of amnesia {unknown}
 h - a scroll of acquirement {unknown}
 i - a scroll of fog {unknown}
 j - a scroll of identify {unknown}
Potions
 b - a potion of resistance {unknown}
 c - a potion of enlightenment {unknown}
 e - a potion of berserk rage {unknown}
 g - 2 potions of might {unknown}


   Skills:
 + Level 2.9 Fighting
 - Level 2.4 Dodging
 * Level 4.1 Unarmed Combat


You had 2 spell levels left.
You didn't know any spells.
Your spell library was empty.

Dungeon Overview and Level Annotations

Branches:
Dungeon (2/15)

Altars:

Annotations:
D:2 Crazy Yiuf


Innate Abilities, Weirdness & Mutations

You are too large for most types of armour.
You have claws for hands.
Your natural rate of healing is unusually fast.
You are covered in fur. (AC +1)
You have tough skin. (AC +1)


Message History

No target in view!
No target in view!
No target in view!
i - a scroll labelled QEAFAU CUPIWN
There is a stone staircase leading down here.
j - a scroll labelled ESEMO HUXAU Crazy Yiuf shouts!
You open the door. You claw Crazy Yiuf!
Crazy Yiuf is heavily wounded.
Crazy Yiuf closely misses you.
You barely miss Crazy Yiuf.
Crazy Yiuf is heavily wounded.
Crazy Yiuf hits you with a +4 quarterstaff of chaos!
Crazy Yiuf burns you.
You scratch Crazy Yiuf but do no damage.
Crazy Yiuf is heavily wounded.
Crazy Yiuf hits you with a +4 quarterstaff of chaos!
You are poisoned.
You are too injured to fight recklessly!
You are too injured to fight recklessly!
You are too injured to fight recklessly!
You are too injured to fight recklessly!
You are too injured to fight recklessly!
You are too injured to fight recklessly!
You are too injured to fight recklessly!
You are too injured to fight recklessly!
You are too injured to fight recklessly!
You are too injured to fight recklessly!
You are too injured to fight recklessly!
You are too injured to fight recklessly!
You are too injured to fight recklessly!
You scratch Crazy Yiuf.
Crazy Yiuf is heavily wounded.
You feel very sick.
You scratch Crazy Yiuf.
Crazy Yiuf is heavily wounded.
You feel sick.
Crazy Yiuf hits you with a +4 quarterstaff of chaos!
You die...

.## ..######
.......#####
.#####.....#
##### .# #######
#)..# ## #...#
.## ... ..# #g#
#.## #@##
#..#########
##.#
##.........#
#.## ###.#######
##.# #.## ###
##.## #..####.#
##.P.# ##.##...#
#.PP.# #.##.###
#....#
#.#..######+..+#


You could see Crazy Yiuf.

Vanquished Creatures
  2 dart slugs (D:1)
  4 ball pythons (D:2)
  3 endoplasms
  2 giant cockroaches
  A goblin (D:2)
  6 hobgoblins
  3 jackals (D:1)
  5 kobolds
  A quokka (D:1)
  8 bats
  4 rats
39 creatures vanquished.

Notes
Turn   | Place    | Note
-------+----------+-------------------------------------------
     0 | D:1      | Nattfarinn the Troll Berserker began the quest for the Orb.
     0 | D:1      | Reached XP level 1. HP: 22/22 MP: 0/0
   226 | D:1      | Reached XP level 2. HP: 29/29 MP: 1/1
   467 | D:1      | Found a faded altar of an unknown god.
   839 | D:2      | Reached XP level 3. HP: 36/36 MP: 2/2
   911 | D:2      | Found a runed translucent door.
   912 | D:2      | Noticed Crazy Yiuf
   961 | D:2      | Reached skill level 4 in Unarmed Combat
  1086 | D:2      | Reached ** piety under Trog
  1394 | D:2      | Slain by Crazy Yiuf

Illustrated notes

Levels and vault maps discovered:
D:1:      tarquinn_simple_flora_water_e, layout_loops_corners,
          basic_ecumenical_altar
D:2:      layout_rooms, minmay_pentomino_q4, uniq_crazy_yiuf_cottage

Skill      XL: |  1  2  3 |
---------------+----------+-----
Unarmed Combat | 4 |  4.1
Fighting       | |  2.9
Dodging        | |  2.4

Action                     || total
---------------------------++-------
  Melee: Unarmed           ||   103
         Punch             ||     1
   Stab: Sleeping          ||     1
 Armour: Animal skin       ||    67
  Dodge: Dodged            ||    58

Table legend: (Time is in decaauts)
 A = Elapsed time spent in this place.
 B = Non-inter-level travel time spent in this place.
 C = Inter-level travel time spent in this place.
 D = Time resting spent in this place.
 E = Time spent auto-exploring this place.
 F = Levels seen in this place.
 G = Mean time per level.
                   A        B        C        D        E       F      G
               +--------+--------+--------+--------+--------+-----+--------+
         Total |   1387 |   1365 |     22 |      0 |   1147 |   2 |  693.5 |
       Dungeon |   1387 |   1365 |     22 |      0 |   1147 |   2 |  693.5 |
               +--------+--------+--------+--------+--------+-----+--------+

Top non-repeatable levels by time:
     D:1: 809 daAuts
     D:2: 577 daAuts
